cohdb
Replays
Latest Replays
All Replays
Popular Replays
Top Player Replays
Match Explorer
How It Works
Community
CoH3 Stats
Reddit
Sign in to upload your games and track your stats! →
Sign in with Steam
Match 41506964
Unlisted
Match 41506964
Overview
Messages
Build Orders
End
Construct Section Command Post
Dingo Light Scout Car
Dingo Light Scout Car
Infantry Section
Infantry Section
Royal Engineer Section
Selects Canadian Shock Battlegroup
Selects Attacking Spirit
Selects Canadian Shock Section
Construct Platoon Command Post
Humber Armored Car
Selects Incendiary Munitions
Grenade Package
Canadian Shock Section
Selects Pyrotechnics
ToXa
Monseigneur
charley_boots
PzLock
Tizmitce
Imperiale
MiniMarko
Bananenratte
0
0
Comments
sign in to comment!
No comments posted yet!